IL
OMAHA STORM CHASERS @ NORFOLK TIDES
09/23/2046
 
TOP OF THE 1ST
Omaha Storm Chasers batting - Pitching for Norfolk Tides : RHP Zachery Noyes
Pitching: RHP Zachery Noyes
Batting: RHB Matt Belgard 0-0: Swinging Strike
0-1: Fly out, F8 (Flyball, 8RM, EV 76.9 MPH)
Batting: RHB Adam Martin 0-0: Ball
1-0: Foul Ball, location: 2F
1-1: Ball
2-1: Foul Ball, location: 2F
2-2: Ball
3-2: Base on Balls
Batting: LHB Pete Hansel 0-0: Ball
1-0: Foul Ball, location: 2F
1-1: Foul Ball, location: 2F
1-2: Strikes out swinging
Batting: LHB Robby Diaz 0-0: Ball
1-0: Ground out U3 (Groundball, 3L, EV 85.0 MPH)
Top of the 1st over - 0 runs, 0 hits, 0 errors, 1 left on base; Omaha 0 - Norfolk 0
BOTTOM OF THE 1ST
Norfolk Tides batting - Pitching for Omaha Storm Chasers : RHP Mike Tuck
Pitching: RHP Mike Tuck
Batting: LHB Tyler Allen 0-0: Ball
1-0: Foul Ball, location: 2F
1-1: Ball
2-1: Ground out 6-3 (Groundball, 6, EV 98.8 MPH)
Batting: SHB Jason Hayes 0-0: Ground out 5-3 (Groundball, 56, EV 83.1 MPH)
Batting: LHB Jose Chinchilla 0-0: Ball
1-0: Foul Ball, location: 2F
1-1: Swinging Strike
1-2: Strikes out swinging
Bottom of the 1st over - 0 runs, 0 hits, 0 errors, 0 left on base; Omaha 0 - Norfolk 0
TOP OF THE 2ND
Omaha Storm Chasers batting - Pitching for Norfolk Tides : RHP Zachery Noyes
Batting: RHB Walt Cogswell 0-0: Ball
1-0: Swinging Strike
1-1: Foul Ball, location: 2F
1-2: Fly out, F8 (Flyball, 8RM, EV 74.4 MPH)
Batting: RHB Eric Sandell 0-0: Called Strike
0-1: Foul Ball, location: 2F
0-2: Strikes out swinging
Batting: RHB Taisei Fujii 0-0: Foul Ball, location: 2F
0-1: Ball
1-1: Ball
2-1: Swinging Strike
2-2: Ground out 1-3 (Groundball, 15S, EV 73.1 MPH)
Top of the 2nd over - 0 runs, 0 hits, 0 errors, 0 left on base; Omaha 0 - Norfolk 0
BOTTOM OF THE 2ND
Norfolk Tides batting - Pitching for Omaha Storm Chasers : RHP Mike Tuck
Batting: LHB Tsutomu Miyahara 0-0: Called Strike
0-1: SINGLE (Groundball, 6M, EV 94.4 MPH)
Batting: SHB Ben Pierce 0-0: Ball
Tsutomu Miyahara steals 2nd base
1-0: Called Strike
1-1: Foul Ball, location: 2F
1-2: Foul Ball, location: 2F
1-2: Ball
2-2: Strikes out swinging
Batting: RHB Vince Jackson 0-0: Ball
1-0: Ball
2-0: Called Strike
2-1: Ground out U3 (Groundball, 3S, EV 65.6 MPH)
Tsutomu Miyahara to third
Batting: RHB Bobby Scholl 0-0: Ball
1-0: Ball
2-0: Ground out U3 (Groundball, 34, EV 107.5 MPH)
Bottom of the 2nd over - 0 runs, 1 hit, 0 errors, 1 left on base; Omaha 0 - Norfolk 0
TOP OF THE 3RD
Omaha Storm Chasers batting - Pitching for Norfolk Tides : RHP Zachery Noyes
Batting: LHB Danny Bailey 0-0: Ball
1-0: Foul Ball, location: 2F
1-1: Ground out U3 (Groundball, 3L, EV 107.5 MPH)
Batting: RHB Jerry Castillo 0-0: Foul Ball, location: 2F
0-1: Ball
1-1: Foul Ball, location: 2F
1-2: SINGLE (Line Drive, 89M, EV 85.6 MPH)
Batting: RHB Matt Belgard 0-0: Ball
1-0: SINGLE (Groundball, 34D, EV 96.2 MPH)
Jerry Castillo to second
Runner from 2nd tries for 3rd, SAFE, throw by RF made to third
Batting: RHB Adam Martin 0-0: Called Strike
0-1: Ball
1-1: Ball
2-1: Ball
3-1: Fielders Choice at 2nd, 4-6 (Groundball, 34, EV 78.8 MPH)
Jerry Castillo scores
Batting: LHB Pete Hansel 0-0: Called Strike
0-1: Foul Ball, location: 2F
0-2: Hit by Pitch
Adam Martin to second
Batting: LHB Robby Diaz 0-0: Ball
1-0: Ball
2-0: Ball
3-0: Fielders Choice at 2nd, 6-4 (Groundball, 4M, EV 83.1 MPH)
Top of the 3rd over - 1 run, 2 hits, 0 errors, 2 left on base; Omaha 1 - Norfolk 0
BOTTOM OF THE 3RD
Norfolk Tides batting - Pitching for Omaha Storm Chasers : RHP Mike Tuck
Batting: LHB Johan de Vries 0-0: Called Strike
0-1: Ball
1-1: Ball
2-1: Called Strike
2-2: Strikes out looking
Batting: RHB John Gray 0-0: Ground out 4-3 (Groundball, 13, EV 83.8 MPH)
Batting: LHB Tyler Allen 0-0: Ball
1-0: Ball
2-0: Ball
3-0: Foul Ball, location: 2F
3-1: Base on Balls
Batting: SHB Jason Hayes 0-0: Called Strike
0-1: Ball
1-1: Called Strike
1-2: Foul Ball, location: 2F
1-2: SINGLE (Groundball, 56D, EV 94.4 MPH)
Tyler Allen to second
Batting: LHB Jose Chinchilla 0-0: Called Strike
0-1: Ball
1-1: Called Strike
1-2: Ball
2-2: Foul Ball, location: 2F
2-2: SINGLE (Groundball, 6D, EV 97.5 MPH)
Tyler Allen to third
Jason Hayes to second
Runner from 3rd tries for Home, SAFE, throw by CF to home
Batting: LHB Tsutomu Miyahara 0-0: Ball
1-0: SINGLE (Groundball, 34D, EV 98.1 MPH) (infield hit)
Jason Hayes to third
Jose Chinchilla to second
Batting: SHB Ben Pierce 0-0: Ball
1-0: Ground out U3 (Groundball, 3L, EV 88.8 MPH)
Bottom of the 3rd over - 1 run, 3 hits, 0 errors, 3 left on base; Omaha 1 - Norfolk 1
TOP OF THE 4TH
Omaha Storm Chasers batting - Pitching for Norfolk Tides : RHP Zachery Noyes
Batting: RHB Walt Cogswell 0-0: Ball
1-0: Foul Ball, location: 2F
1-1: Called Strike
1-2: Strikes out swinging
Batting: RHB Eric Sandell 0-0: Foul Ball, location: 2F
0-1: Ball
1-1: Ball
2-1: Foul Ball, location: 2F
2-2: Foul Ball, location: 2F
2-2: SINGLE (Groundball, 6MD, EV 100.0 MPH)
Batting: RHB Taisei Fujii 0-0: Called Strike
0-1: Ball
1-1: Fielders Choice at 2nd, 2-4 (Groundball, 2L, EV 69.4 MPH)
Batting: LHB Danny Bailey 0-0: Called Strike
0-1: Ball
1-1: Foul Ball, location: 2F
1-2: 2-RUN HOME RUN (Line Drive, 9LD, EV 97.5 MPH), Distance : 371 ft
Batting: RHB Jerry Castillo 0-0: Fly out, F7 (Line Drive, 78M, EV 97.5 MPH)
Top of the 4th over - 2 runs, 2 hits, 0 errors, 0 left on base; Omaha 3 - Norfolk 1
BOTTOM OF THE 4TH
Norfolk Tides batting - Pitching for Omaha Storm Chasers : RHP Mike Tuck
Batting: RHB Vince Jackson 0-0: Ball
1-0: DOUBLE (Groundball, 5L, EV 100.6 MPH)
Batting: RHB Bobby Scholl 0-0: Foul Ball, location: 2F
0-1: Hit by Pitch
Batting: LHB Johan de Vries 0-0: Swinging Strike
0-1: Ball
1-1: Fielders Choice at 2nd, 3-6 (Groundball, 3, EV 100.0 MPH)
Vince Jackson to third
Batting: RHB John Gray 0-0: Called Strike
0-1: SINGLE (Line Drive, 9S, EV 111.9 MPH)
Vince Jackson scores
Johan de Vries to second
Batting: LHB Tyler Allen 0-0: Called Strike
0-1: Ball
1-1: SINGLE (Line Drive, 34, EV 102.5 MPH)
Johan de Vries to third
John Gray to second
Batting: SHB Jason Hayes 0-0: Ball
1-0: Foul Ball, location: 2F
1-1: Ball
2-1: Foul Ball, location: 2F
2-2: Ball
3-2: Foul Ball, location: 2F
3-2: Grounds into fielders choice 5-2 (Groundball, 56, EV 98.8 MPH)
John Gray to third
Tyler Allen to second
Batting: LHB Jose Chinchilla 0-0: Fly out, F8 (Flyball, 89M, EV 91.9 MPH)
Bottom of the 4th over - 1 run, 3 hits, 0 errors, 3 left on base; Omaha 3 - Norfolk 2
TOP OF THE 5TH
Omaha Storm Chasers batting - Pitching for Norfolk Tides : RHP Zachery Noyes
Batting: RHB Matt Belgard 0-0: Foul Ball, location: 2F
0-1: Ball
1-1: Ground out 6-3 (Groundball, 6, EV 103.1 MPH)
Batting: RHB Adam Martin 0-0: Fly out, F8 (Flyball, 8RM, EV 90.0 MPH)
Batting: LHB Pete Hansel 0-0: Ball
1-0: Swinging Strike
1-1: Ground out U3 (Groundball, 34S, EV 92.5 MPH)
Top of the 5th over - 0 runs, 0 hits, 0 errors, 0 left on base; Omaha 3 - Norfolk 2
BOTTOM OF THE 5TH
Norfolk Tides batting - Pitching for Omaha Storm Chasers : RHP Mike Tuck
Batting: LHB Tsutomu Miyahara 0-0: Ball
1-0: Called Strike
1-1: Foul Ball, location: 2F
1-2: Ball
2-2: Fly out, F7 (Flyball, 78S, EV 78.1 MPH)
Batting: SHB Ben Pierce 0-0: Ball
1-0: Called Strike
1-1: Foul Ball, location: 2F
1-2: Foul Ball, location: 2F
1-2: Ball
2-2: DOUBLE (Line Drive, 78D, EV 106.9 MPH)
Batting: RHB Vince Jackson 0-0: Ball
1-0: Ball
2-0: Ball
3-0: Base on Balls
Batting: RHB Bobby Scholl 0-0: Called Strike
Ben Pierce steals 3rd base
Vince Jackson to second
0-1: Ball
1-1: Ball
2-1: Foul Ball, location: 2F
2-2: Strikes out swinging
Batting: LHB Johan de Vries 0-0: Ball
1-0: Ball
2-0: Called Strike
2-1: Ground out 4-3 (Groundball, 4, EV 86.2 MPH)
Bottom of the 5th over - 0 runs, 1 hit, 0 errors, 2 left on base; Omaha 3 - Norfolk 2
TOP OF THE 6TH
Omaha Storm Chasers batting - Pitching for Norfolk Tides : RHP Zachery Noyes
Batting: LHB Robby Diaz 0-0: Ball
1-0: Ground out 4-3 (Groundball, 4, EV 86.2 MPH)
Batting: RHB Walt Cogswell 0-0: Fly out, F8 (Flyball, 8LM, EV 95.0 MPH)
Batting: RHB Eric Sandell 0-0: Foul Ball, location: 2F
0-1: Ball
1-1: Foul Ball, location: 2F
1-2: Foul Ball, location: 2F
1-2: Strikes out looking
Top of the 6th over - 0 runs, 0 hits, 0 errors, 0 left on base; Omaha 3 - Norfolk 2
BOTTOM OF THE 6TH
Norfolk Tides batting - Pitching for Omaha Storm Chasers : RHP Mike Tuck
Batting: RHB John Gray 0-0: Ball
1-0: Ball
2-0: Foul Ball, location: 2F
2-1: SINGLE (Groundball, 4MD, EV 96.9 MPH)
Batting: LHB Tyler Allen 0-0: Called Strike
0-1: Called Strike
0-2: Reached on error, E6 (Groundball, 6D, EV 83.1 MPH)
John Gray to second
Pitching: LHP Ryan Tillett
Batting: SHB Jason Hayes 0-0: Called Strike
0-1: Fly out, F9 (Flyball, 89S, EV 82.5 MPH)
Pinch Hitting: SHB Marvin Garcia 0-0: Foul Ball, location: 2F
0-1: Foul Ball, location: 2F
0-2: Ball
1-2: Ball
2-2: Ball
3-2: Foul Ball, location: 2F
3-2: Base on Balls
John Gray to third
Tyler Allen to second
Pinch Hitting: SHB Brian Bentz 0-0: Called Strike
0-1: Ball
1-1: Called Strike
1-2: Ball
2-2: Ball
3-2: Foul Ball, location: 2F
3-2: Base on Balls
John Gray scores
Tyler Allen to third
Marvin Garcia to second
Batting: SHB Ben Pierce 0-0: Called Strike
0-1: Ball
1-1: SINGLE (Groundball, 6MD, EV 103.1 MPH)
Tyler Allen scores
Marvin Garcia to third
Brian Bentz to second
Runner from 3rd tries for Home, SAFE, throw by CF to home
Batting: RHB Vince Jackson 0-0: Ball
1-0: Ball
2-0: Called Strike
2-1: Foul Ball, location: 2F
2-2: Ball
3-2: Foul Ball, location: 2F
3-2: SINGLE (Flyball, 78S, EV 86.9 MPH)
Brian Bentz to third
Ben Pierce to second
Runner from 3rd tries for Home, SAFE, throw by LF to home
Ben Pierce to third
Vince Jackson to second
Batting: RHB Bobby Scholl 0-0: Ball
1-0: Called Strike
1-1: Ball
2-1: Fly out, F9 (Flyball, 9D, EV 91.2 MPH)
Runner from 3rd tags up, SCORES, throw by RF
Vince Jackson to third
Pitching: RHP Terry Romaine
Batting: LHB Johan de Vries 0-0: Ball
1-0: Foul Ball, location: 2F
1-1: Ball
2-1: Fly out, F1 (Line Drive, P, EV 74.4 MPH)
Bottom of the 6th over - 5 runs, 3 hits, 1 error, 1 left on base; Omaha 3 - Norfolk 7
TOP OF THE 7TH
Omaha Storm Chasers batting - Pitching for Norfolk Tides : RHP Zachery Noyes
Now at 3B: Marvin Garcia
Now in RF: Mario Saez
Batting: RHB Taisei Fujii 0-0: Ball
1-0: Ball
2-0: Called Strike
2-1: Foul Ball, location: 2F
2-2: Ball
3-2: Ground out U3 (Groundball, 3, EV 82.5 MPH)
Batting: LHB Danny Bailey 0-0: Foul Ball, location: 2F
0-1: Ball
1-1: Called Strike
1-2: Ball
2-2: Ball
3-2: Strikes out looking
Batting: RHB Jerry Castillo 0-0: Ball
1-0: Ball
2-0: Ball
3-0: Called Strike
3-1: Swinging Strike
3-2: Strikes out swinging
Top of the 7th over - 0 runs, 0 hits, 0 errors, 0 left on base; Omaha 3 - Norfolk 7
BOTTOM OF THE 7TH
Norfolk Tides batting - Pitching for Omaha Storm Chasers : RHP Terry Romaine
Batting: RHB John Gray 0-0: Called Strike
0-1: Fly out, F8 (Line Drive, 8RD, EV 98.1 MPH)
Batting: LHB Tyler Allen 0-0: Ball
1-0: Ground out 5-3 (Groundball, 5, EV 86.9 MPH)
Batting: SHB Jason Hayes 0-0: Ground out 4-3 (Groundball, 4, EV 105.0 MPH)
Bottom of the 7th over - 0 runs, 0 hits, 0 errors, 0 left on base; Omaha 3 - Norfolk 7
TOP OF THE 8TH
Omaha Storm Chasers batting - Pitching for Norfolk Tides : RHP Zachery Noyes
Pitching: LHP Eric Bice
Batting: RHB Matt Belgard 0-0: Called Strike
0-1: Swinging Strike
0-2: Ball
1-2: Foul Ball, location: 2F
1-2: Ground out 6-3 (Groundball, P, EV 90.0 MPH)
Batting: RHB Adam Martin 0-0: Called Strike
0-1: Ball
1-1: Ball
2-1: Ground out 6-3 (Groundball, 6, EV 108.1 MPH)
Batting: LHB Pete Hansel 0-0: Foul Ball, location: 2F
0-1: Swinging Strike
0-2: Strikes out swinging
Top of the 8th over - 0 runs, 0 hits, 0 errors, 0 left on base; Omaha 3 - Norfolk 7
BOTTOM OF THE 8TH
Norfolk Tides batting - Pitching for Omaha Storm Chasers : RHP Terry Romaine
Batting: SHB Marvin Garcia 0-0: Foul Ball, location: 2F
0-1: Swinging Strike
0-2: Strikes out swinging
Batting: RHB Mario Saez 0-0: Foul Ball, location: 2F
0-1: Swinging Strike
0-2: Foul Ball, location: 2F
0-2: Ball
1-2: Foul Ball, location: 2F
1-2: Ball
2-2: Ball
3-2: SINGLE (Line Drive, 7LS, EV 112.5 MPH)
Batting: SHB Ben Pierce 0-0: Ball
1-0: Fly out, F7 (Flyball, 78M, EV 90.6 MPH)
Batting: RHB Vince Jackson 0-0: Called Strike
0-1: Fly out, F9 (Line Drive, 9, EV 91.2 MPH)
Bottom of the 8th over - 0 runs, 1 hit, 0 errors, 1 left on base; Omaha 3 - Norfolk 7
TOP OF THE 9TH
Omaha Storm Chasers batting - Pitching for Norfolk Tides : LHP Eric Bice
Pitching: RHP Aaron Schneider
Batting: LHB Robby Diaz 0-0: Ball
1-0: SINGLE (Groundball, 34D, EV 97.5 MPH)
Batting: RHB Walt Cogswell 0-0: Ball
1-0: Swinging Strike
1-1: Hit by Pitch
Robby Diaz to second
Batting: RHB Eric Sandell 0-0: Ball
1-0: DOUBLE (Line Drive, 3D, EV 94.4 MPH)
Robby Diaz scores
Walt Cogswell to third
Batting: RHB Taisei Fujii 0-0: Ball
1-0: Called Strike
1-1: Ground out 6-3 (Groundball, 6, EV 105.6 MPH)
Walt Cogswell scores
Batting: LHB Danny Bailey 0-0: Ball
1-0: Ball
2-0: Foul Ball, location: 2F
2-1: Ball
3-1: Base on Balls
Pinch Hitting: SHB Jarrod Lindblad 0-0: Ball
1-0: Ball
2-0: Swinging Strike
2-1: Grounds into double play, 5-4-3 (Groundball, 56S, EV 82.5 MPH)
Top of the 9th over - 2 runs, 2 hits, 0 errors, 1 left on base; Omaha 5 - Norfolk 7
Tuesday, September 13th , 2022 - OOTP Baseball 23.7 Build 88